 Dungeon Crawl Stone Soup version 0.31-a0-1589-g8f5e8aebd6 (webtiles) character file.

Game seed: 8149408849522496776

86 pokeman the Magician (level 4, 0/25 HPs)
             Began as a Deep Elf Hedge Wizard on Jan 5, 2024.
             Slain by an iguana (13 damage)
             ... on level 3 of the Dungeon.
             The game lasted 00:04:35 (2462 turns).

pokeman the Magician (Deep Elf Hedge Wizard)        Turns: 2462, Time: 00:04:36

Health: 0/25       AC:  5    Str:  7    XL:     4   Next: 27%
Magic:  2/13       EV: 12    Int: 21    God:
Gold:   90         SH:  0    Dex: 14    Spells: 6/14 levels left

rFire   . . .        a - +2 dagger (venom)
rCold   . . .        (no shield)
rNeg    . . .        b - +0 robe
rPois   .            c - +0 hat
rElec   .            n - +2 cloak {Stlth+}
rCorr   .            (no gloves)
SInv    .            (no boots)
Will    .....        (no amulet)
Stlth   +++          (no ring)
HPRegen 0.24/turn    (no ring)
MPRegen 0.13/turn

%: no passive effects
@: very slightly contaminated
A: no striking features
a: no special abilities


You were on level 3 of the Dungeon.
You visited 1 branch of the dungeon, and saw 3 of its levels.

You collected 90 gold pieces.

Inventory:

Hand Weapons
 a - a +2 dagger of venom (weapon)
 m - a +4 quarterstaff of chaos
Armour
 b - a +0 robe (worn)
 c - a +0 hat (worn)
 f - a +0 kite shield
 n - a +2 cloak of stealth (worn)
Magical Staves
 p - a staff of earth
Scrolls
 e - a scroll of blinking {unknown}
 j - a scroll of fog {unknown}
 k - a scroll of poison {unknown}
 o - a scroll of brand weapon {unknown}
 r - 2 scrolls of identify {unknown}
Potions
 d - 2 potions of magic
 g - a potion of mutation {unknown}
 h - 2 potions of attraction {unknown}
 i - a potion of haste {unknown}
 l - a potion of enlightenment {unknown}
 q - a potion of berserk rage {unknown}


   Skills:
 - Level 1.0 Fighting
 - Level 1.0 Armour
 + Level 2.7 Dodging
 - Level 2.4 Stealth
 + Level 0.4 Shields
 * Level 5.6 Spellcasting
 + Level 2.1 Conjurations
 - Level 1.1 Summonings
 - Level 1.1 Translocations


You had 6 spell levels left.
You knew the following spells:

 Your Spells              Type           Power      Damage    Failure   Level
a - Magic Dart            Conj           56%        1d5       4%          1
b - Mephitic Cloud        Conj/Alch/Air  8%         N/A       22%         3
c - Call Imp              Summ           20%        N/A       10%         2
d - Blink                 Tloc           20%        N/A       10%         2

Your spell library contained the following spells:

 Spells                   Type           Power      Damage    Failure   Level
 Searing Ray              Conj           28%        2d5       6%          2
 Sting                    Conj/Alch      40%        1d5       7%          1
 Slow                     Hex            20%        N/A       11%         1
 Cigotuvi's Dreadful Rot  Necr/Alch/Air  10%        N/A       16%         2
 Mercury Vapours          Alch/Air       10%        N/A       16%         2
 Dazzling Flash           Conj/Hex       20%        N/A       21%         3
 Fulminant Prism          Conj/Alch      5%         3d7       54%         4
 Olgreb's Toxic Radiance  Alch           5%         N/A       71%         4
 Curse of Agony           Necr           5%         N/A       96%         5
 Silence                  Hex/Air        2%         N/A       96%         5


Dungeon Overview and Level Annotations

Branches:
Dungeon (3/15)

Altars:
Okawaru


Message History

Casting: Magic Dart (safe; 4% risk of failure)
Confirm with . or Enter, or press ? or * to list all spells.
Aiming: Mephitic Cloud (extremely dangerous; 22% risk of failure)
Press: ? - help, Shift-Dir - straight line, f/p - iguana
Aim: an iguana (moderately wounded, chance to affect: 86%)
You miscast Mephitic Cloud.
You are very lightly contaminated with residual magic.
Nothing appears to happen.
Unknown command.
Casting: Mephitic Cloud (extremely dangerous; 22% risk of failure)
Confirm with . or Enter, or press ? or * to list all spells.
Aiming: Mephitic Cloud (extremely dangerous; 22% risk of failure)
Press: ? - help, Shift-Dir - straight line, f/p - iguana
Aim: an iguana (moderately wounded, chance to affect: 86%)
The ball explodes into a vile cloud!
The stinking cloud engulfs the iguana.
The iguana is moderately wounded.
The stinking cloud engulfs you.
You hear an angry hiss.
The iguana is engulfed in noxious fumes.
The iguana appears confused.
The iguana bites you.
Unknown command.
Unknown command.
You barely miss the iguana.
The iguana is moderately wounded.
The iguana is engulfed in noxious fumes.
The iguana appears confused.
You hit the iguana but do no damage.
The iguana is moderately wounded.
The iguana bites you!
You hit the iguana but do no damage.
The iguana is poisoned.
You punch the iguana, but do no damage.
The iguana is moderately wounded.
The iguana closely misses you.
You catch the helpless iguana completely off-guard!
You hit the iguana.
The iguana is severely wounded.
A ball python comes into view.
The iguana bites you!
Ouch! That really hurt!
You die...

.#.#<...# .#.#.##....#
#.... .#.#.#
#..#.#.#.. .#.#.#
.#.#...S .#.#.. .
†...### .#.### ##
...%.##### .#.. ...
☼§.......
#..##.###☼§......
....#...l@....... ..
#...####.######.
..###...#..........
..........#.######.
#.).).#...#...
###.##.._..##..##.#..
.....#.).).#...####.##
###...................
.......###...######+##


You could see an iguana (confused, very poisoned) and a ball python (wandering).

Vanquished Creatures
  Crazy Yiuf (D:2)
  A dart slug (D:2)
  An orc (D:3)
  4 ball pythons
  6 endoplasms
  3 giant cockroaches (D:2)
  4 goblins
  8 hobgoblins
  9 kobolds
  3 quokkas
  3 bats
  A frilled lizard (D:2)
  6 rats
50 creatures vanquished.

Notes
Turn   | Place    | Note
-------+----------+-------------------------------------------
     0 | D:1      | pokeman the Deep Elf Hedge Wizard began the quest for the
                  | Orb.
     0 | D:1      | Reached XP level 1. HP: 10/10 MP: 7/7
   266 | D:1      | Reached XP level 2. HP: 16/16 MP: 5/9
   882 | D:1      | Reached skill level 5 in Spellcasting
  1157 | D:2      | Reached XP level 3. HP: 20/20 MP: 9/11
  1162 | D:2      | Learned a level 3 spell: Mephitic Cloud
  1166 | D:2      | Learned a level 2 spell: Call Imp
  1169 | D:2      | Learned a level 2 spell: Blink
  1314 | D:2      | Found a faded altar of an unknown god.
  1415 | D:2      | Found a runed translucent door.
  1416 | D:2      | Noticed Crazy Yiuf
  1753 | D:2      | Reached skill level 1 in Fighting
  1878 | D:2      | Reached skill level 1 in Armour
  2068 | D:2      | Killed Crazy Yiuf
  2069 | D:2      | Reached XP level 4. HP: 12/25 MP: 2/13
  2419 | D:3      | Found an iron altar of Okawaru.
  2462 | D:3      | Slain by an iguana

Illustrated notes

Levels and vault maps discovered:
D:1:      dpeg_arrival_concentric_ovals, layout_basic, serial_bayou_pond_e
D:2:      cheibrodos_helix_gallery, layout_basic,
          shapermc_ecumenical_altar_starsandcircs, uniq_crazy_yiuf_cottage
D:3:      layout_basic, lemuel_zombie_altar_yredelemnul,
          okawaru_ov_weapons_minmay

Skill      XL: |  1  2  3 |
---------------+----------+-----
Spellcasting   | 5 |  5.6
Fighting       | 1 |  1.0
Armour         | 1 |  1.0
Conjurations   | 2 |  2.1
Dodging        | |  2.7
Stealth        | |  2.4
Shields        | |  0.4
Summonings     | |  1.1
Translocations | |  1.1

Action                     |  1- 3 |  4- 6 || total
---------------------------+-------+-------++-------
  Melee: Dagger            |    14 |     4 ||    18
         Punch             |       |     1 ||     1
   Cast: Magic Dart        |   114 |    15 ||   129
         Mephitic Cloud    |     1 |     1 ||     2
         Call Imp          |     1 |       ||     1
   Stab: Confused          |       |     1 ||     1
 Armour: Robe              |    16 |     3 ||    19
  Dodge: Dodged            |    10 |     1 ||    11

Table legend: (Time is in decaauts)
 A = Elapsed time spent in this place.
 B = Non-inter-level travel time spent in this place.
 C = Inter-level travel time spent in this place.
 D = Time resting spent in this place.
 E = Time spent auto-exploring this place.
 F = Levels seen in this place.
 G = Mean time per level.
                   A        B        C        D        E       F      G
               +--------+--------+--------+--------+--------+-----+--------+
         Total |   2460 |   2400 |     60 |     53 |   2051 |   3 |  820.0 |
       Dungeon |   2460 |   2400 |     60 |     53 |   2051 |   3 |  820.0 |
               +--------+--------+--------+--------+--------+-----+--------+

Top non-repeatable levels by time:
     D:2: 1189 daAuts
     D:1: 1010 daAuts
     D:3: 260 daAuts
